 Dungeon Crawl Stone Soup version 0.30-a0-390-g80c34de65d (webtiles) character file.

Game seed: 5352208861283941953

98786 freelancePsychic the Warrior (level 16, 0/163 HPs)
             Began as a Naga Warper on Dec 4, 2022.
             Was a High Priest of Vehumet.
             Shot with a bolt by an orc knight (1 damage)
             ... on level 2 of the Orcish Mines.
             The game lasted 01:03:53 (33077 turns).

freelancePsychic the Warrior (Naga Warper)         Turns: 33077, Time: 01:03:53

Health: 0/163      AC: 28    Str: 20    XL:     16   Next: 23%
Magic:  20/37      EV:  9    Int: 29    God:    Vehumet [*****.]
Gold:   2923       SH:  5    Dex: 13    Spells: 6/31 levels left

rFire   + . .      SeeInvis +    x - +2 trident (venom)
rCold   . . .      Faith    .    X - +0 buckler
rNeg    . . .      Spirit   .    h - +0 steam dragon scales
rPois   +          Reflect  .    a - +2 helmet of the Old and Reckless {Str+6 Int+4}
rElec   .          Harm     .    o - +2 cloak
rCorr   .          Rampage  +    I - +2 pair of gloves
Will    ++...                    K - +4 barding
Stlth   +.........               r - amulet of the Omega Point {RegenMP Rampage rF+}
HPRegen 0.47/turn                s - ring of magical power
MPRegen 0.65/turn                u - +6 ring of intelligence

@: about to teleport, very slow
A: AC +5, large, see invisible, deformed body, poison resistance, slowness 2,
spit poison 1, naga tail 2
a: Spit Poison, Renounce Religion


You were on level 2 of the Orcish Mines.
You worshipped Vehumet.
Vehumet was extremely pleased with you.
You visited 4 branches of the dungeon, and saw 23 of its levels.
You also visited: Bailey and Gauntlet.

You collected 3169 gold pieces.
You spent 246 gold pieces at shops.

Inventory:

Hand Weapons
 x - a +2 trident of venom (weapon)
Missiles
 q - 30 boomerangs
Armour
 a - the +2 helmet of the Old and Reckless (worn) {Str+6 Int+4}
   (You found it in a Gauntlet)

   Str:       It affects your strength (+6).
   Int:       It affects your intelligence (+4).
 h - +0 steam dragon scales (worn)
 o - a +2 cloak (worn)
 t - an orb of light
 F - a +0 troll leather armour
 I - a +2 pair of gloves (worn)
 K - a +4 barding (worn)
 X - a +0 buckler (worn)
Magical Staves
 y - a staff of poison
Jewellery
 j - the amulet of Namol {Reflect rPois rC+ Dex+5 SH+5}
   (You found it in a Gauntlet)

   [amulet of reflection]

   It reflects blocked missile attacks.
   Dex:       It affects your dexterity (+5).
   rC:        It protects you from cold.
   rPois:     It protects you from poison.
   SH:        It affects your SH (+5).
 r - the amulet of the Omega Point (around neck) {RegenMP Rampage rF+}
   (You acquired it on level 11 of the Dungeon)

   [amulet of magic regeneration]

   It increases your rate of magic regeneration.
   rF:        It protects you from fire.
   Rampage:   It bestows one free step when moving towards enemies.
 s - a ring of magical power (left hand)
 u - a +6 ring of intelligence (right hand)
 N - a ring of ice
 O - a ring of fire
 P - a +6 ring of dexterity
 U - a +6 ring of strength
 W - a ring of positive energy
Wands
 w - a wand of polymorph (24)
 A - a wand of iceblast (31)
 C - a wand of charming (17)
 E - a wand of flame (29)
 H - a wand of digging (5)
 M - a wand of quicksilver (7)
 Q - a wand of mindburst (2)
Scrolls
 c - a scroll of silence
 e - 2 scrolls of magic mapping
 k - 3 scrolls of noise
 l - 4 scrolls of butterflies
 n - 2 scrolls of teleportation {@r4}
 B - a scroll of poison
 D - 2 scrolls of amnesia
 G - 3 scrolls of immolation
 V - 2 scrolls of torment
 Y - a scroll of enchant armour
Potions
 b - 2 potions of heal wounds {@q2}
 d - 4 potions of mutation
 f - 2 potions of brilliance
 g - 2 potions of invisibility
 i - 3 potions of haste {@q3}
 m - 3 potions of resistance
 p - 5 potions of lignification
 v - a potion of cancellation
 z - 4 potions of flight
 J - 6 potions of ambrosia
 L - 2 potions of attraction {unknown}
 R - 3 potions of curing {@q1}
 S - 2 potions of berserk rage
Miscellaneous
 T - a tin of tremorstones (2/2)


   Skills:
 + Level 15.0 Fighting
 - Level 7.0 Polearms
 - Level 0.8 Throwing
 - Level 6.5 Armour
 - Level 4.8 Dodging
 - Level 4.5 Shields
 - Level 8.2 Spellcasting
 - Level 9.7 Conjurations
 - Level 7.3 Summonings
 - Level 5.7 Translocations
 + Level 2.1 Transmutations
 - Level 13.4 Air Magic
 + Level 7.5 Poison Magic


You had 6 spell levels left.
You knew the following spells:

 Your Spells              Type           Power      Damage    Failure   Level
a - Orb of Destruction    Conj           31%        9d10      22%         7
b - Summon Lightning Spi  Summ/Air       64%        N/A       1%          4
c - Mephitic Cloud        Conj/Pois/Air  63%        N/A       1%          3
d - Airstrike             Air            37%        2d(6-22)  1%          4
e - Arcjolt               Conj/Air       34%        1d44      1%          5
g - Blink                 Tloc           90%        N/A       1%          2

Your spell library contained the following spells:

 Spells                   Type           Power      Damage    Failure   Level
 Iskenderun's Battlesphe  Conj           62%        2d11      1%          5
 Magic Dart               Conj           100%       1d8       1%          1
 Shock                    Conj/Air       100%       1d9       1%          1
 Sting                    Tmut/Pois      100%       1d8       1%          1
 Call Imp                 Summ           53%        N/A       1%          2
 Cigotuvi's Dreadful Rot  Necr/Pois/Air  100%       N/A       1%          2
 Static Discharge         Conj/Air       100%       2-7/arc   1%          2
 Hailstorm                Conj/Ice       40%        3d10      1%          3
 Lesser Beckoning         Tloc           90%        N/A       1%          3
 Teleport Other           Tloc           45%        N/A       1%          3
 Vhi's Electric Charge    Tloc/Air       100%       N/A       1%          3
 Lightning Bolt           Conj/Air       34%        1d51      1%          5
 Beastly Appendage        Tmut           48%        N/A       2%          1
 Spider Form              Tmut/Pois      40%        N/A       2%          3
 Wereblood                Tmut           24%        N/A       3%          2
 Manifold Assault         Tloc           45%        N/A       4%          4
 Silence                  Hex/Air        25%        N/A       10%         5
 Alistair's Intoxication  Tmut/Pois      26%        N/A       22%         5
 Eringya's Noxious Bog    Tmut/Pois      20%        N/A       28%         6
 Ice Form                 Ice/Tmut       18%        N/A       34%         4
 Lee's Rapid Deconstruct  Erth           5%         3d6*      36%         5
 Leda's Liquefaction      Hex/Erth       5%         N/A       50%         4
 Borgnjor's Vile Clutch   Necr/Erth      5%         N/A       83%         5
 Statue Form              Tmut/Erth      12%        N/A       99%         6
 Simulacrum               Ice/Necr       5%         N/A       100%        6
 Spellforged Servitor     Conj/Summ      28%        N/A       32%         7
 Maxwell's Capacitive Co  Air            37%        ∞         34%         8
 Storm Form               Tmut/Air       27%        N/A       88%         7
 Necromutation            Tmut/Necr      9%         N/A       100%        8


Dungeon Overview and Level Annotations

Branches:
Dungeon (15/15)            Temple (1/1) D:4            Lair (5/5) D:8
 Shoals (0/4) Lair:2       Spider (0/4) Lair:2        Slime (0/5) Lair:5
    Orc (2/2) D:9             Elf (0/3) Orc:2        Vaults (0/5) D:13
 Depths (0/4) D:15         Bailey (visited)         Gauntlet (visited)

Altars:
Ashenzari
Cheibriados
Dithmenos
Elyvilon
Fedhas
Gozag
Hepliaklqana
Kikubaaqudgha
Makhleb
Nemelex Xobeh
Okawaru
Qazlal
Ru
Sif Muna
Trog
Uskayaw
Vehumet
Wu Jian
Xom
Yredelemnul
Zin
The Shining One
Jiyva

Shops:
D:3 (   D:4 !   D:10 [   D:12 (

Portals:
Trove: D:15 (give +7 demon trident)

Annotations:
D:9 1 transporter
D:15 2 transporters, DrKenneth's ghost, journeyman MiFi
Lair:2 2 transporters, Iich's ghost, journeyman MiBe
Lair:5 1 runed translucent door
Orc:1 2 transporters, Wekumecuw's ghost, journeyman DsFi


Innate Abilities, Weirdness & Mutations

Your serpentine skin is tough. (AC +5)
You have supernaturally acute eyesight. (SInv)
Armour fits poorly on your strangely shaped body.
Your system is resistant to poisons. (rPois)
You cover ground very slowly.
You can spit poison.
You can use your snake-like lower body to constrict enemies.


Message History

The orc priest is lightly wounded.
The orc knight is lightly wounded.
You kill the orc wizard!
Vehumet accepts your kill.
You feel your power returning.
You kill the orc!
Vehumet accepts your kill.
You feel your power returning.
The orc priest is almost dead.
The orc warlord is lightly wounded.
You constrict the orc knight, but do no damage.
The orc priest calls upon Beogh to heal the orc warlord.
The orc warlord is healed somewhat.
The orc knight hits you with a +0 great sword!
* * * LOW HITPOINT WARNING * * *
Casting: Arcjolt (mildly dangerous; 1% risk of failure)
Confirm with . or Enter, or press ? or * to list all spells.
Electricity surges outward!
The orc knight is severely wounded.
The orc knight is heavily wounded.
The orc priest is moderately wounded.
You constrict the orc knight.
You hear a shout! x3
The orc knight hits you with a +0 great sword!!
* * * LOW HITPOINT WARNING * * *
Blink to where?
Press: ? - help, Dir - move target You lose your grip on something.
As you read the scroll of blinking, it crumbles to dust.
As you read the scroll of teleportation {@r4}, it crumbles to dust.
You feel strangely unstable.
The orc knight unwields a +0 great sword.
The orc knight wields a +0 arbalest.
The orc knight shoots a bolt.
The bolt hits you.
* * * LOW HITPOINT WARNING * * *
The orc priest no longer looks unusually strong.
The orc priest mumbles some strange prayers to Beogh against you.
Beogh smites you!
* * * LOW HITPOINT WARNING * * *
The orc knight shoots a bolt.
The bolt hits you.
You die...

####.........### #.............
#..<...........# *#............
#......).....>.### ##............
#...)..###.......* #..........)o.
.....)##*.......###*#....)...o...
....))#####.....#.###....)...oo..
......##.#.......#*#......)..)...
.....###.........###..).)....)...
......#.........@#..#))o.).o.....
#............#.......)o).).......
.............##.....o.....)......
#...........####.................
###......#..# #.................
##......### ##.#.#............
###..### ####............. ##..#
##.#.#.#.###.# #### ######### *##


You could see an orc knight (strong, poisoned) and an orc priest.

Vanquished Creatures
  Roxanne (D:14)
  2 orc warlords
  A minotaur (Gauntlet)
  2 dire elephants (Lair:5)
  A fire dragon (D:14)
  Josephine (D:14)
  Snorg (Lair:4)
  Fannar (D:12)
  3 rakshasas (D:15)
  4 hydras
  8 boulder beetles
  4 catoblepae
  3 centaur warriors
  5 two-headed ogres
  A death knight (D:14)
  15 death yaks
  2 orc high priests (Orc:2)
  Sonja (Orc:1)
  A death drake (shapeshifter) (D:15)
  A skeletal warrior (D:13)
  A glowing orange brain (D:15)
  A lindwurm (Lair:5)
  Pikel (Temple)
  3 deep elf pyromancers
  A deep elf zephyrmancer (D:10)
  5 orc knights
  6 manticores
  A necromancer (Gauntlet)
  5 ugly things
  2 cyclopes
  4 orc sorcerers
  An eye of devastation (Gauntlet)
  A gargoyle (D:12)
  8 elephants
  A black mamba (Lair:3)
  Joseph (D:7)
  6 cane toads
  A rime drake (Lair:4)
  Maggie (D:10)
  A demonic crawler (Lair:1)
  3 freezing wraiths (D:14)
  8 komodo dragons
  An efreet (D:11)
  4 trolls
  17 polar bears
  6 slime creatures
  2 hornets
  2 raiju (Lair:5)
  14 blink frogs
  8 dream sheep
  2 vampires
  8 wyverns
  2 shadows
  29 yaks
  8 wraiths
  A fire elemental (D:14)
  A basilisk (shapeshifter) (D:13)
  8 vampire mosquitoes
  A human (D:10)
  3 basilisks
  2 steam dragons
  Menkaure (D:5)
  3 swamp worms (Gauntlet)
  9 wargs
  2 acid dragons
  15 hell hounds (Lair:5)
  12 water moccasins
  Duvessa (D:5)
  A floating eye (Gauntlet)
  15 black bears
  2 ice beasts
  41 orc warriors
  A sky beast (D:7)
  21 wolves
  8 ogres
  3 boggarts (D:14)
  11 centaurs
  4 kobold brigands
  13 bullfrogs
  2 gnoll sergeants
  3 necrophages
  5 scorpions
  6 wights (D:9)
  Dowan (D:5)
  8 killer bees
  3 electric eels
  4 howler monkeys
  2 lava snakes (D:14)
  3 gnoll boudas
  4 hounds
  A jelly (D:6)
  26 orc priests
  2 iguanas (D:6)
  21 orc wizards
  4 hell rats (Lair:4)
  22 gnolls
  5 adders
  2 shadow imps
  An ufetubus (D:6)
  4 worms
  5 dart slugs
  87 orcs
  7 endoplasms
  8 giant cockroaches
  10 hobgoblins
  2 jackals (D:4)
  2 quokkas
  7 ball pythons
  2 bats
  5 frilled lizards
  17 goblins
  A goblin skeleton (D:8)
  A goblin zombie (D:8)
  5 hobgoblin zombies (D:8)
  34 kobolds
  A kobold skeleton (D:8)
  3 kobold zombies (D:8)
  10 rats
  A fire vortex (D:14)
739 creatures vanquished.

Vanquished Creatures (collateral kills)
  An ironbound preserver (D:13)
  A hydra (D:13)
  An orc knight (D:14)
  An ugly thing (D:14)
  A cyclops (D:12)
  A cane toad (Lair:5)
  A tengu conjurer (D:13)
  A slime creature (D:14)
  A wraith (D:13)
  3 vampire mosquitoes (D:14)
  An orc warrior (D:14)
  An ogre (Orc:1)
  A killer bee (D:5)
  2 orcs (D:14)
17 creatures vanquished.

Vanquished Creatures (others)
  A wolf spider (Lair:5)
  A wizard (D:14)
  An orc priest (D:10)
  An orc wizard (D:10)
  An orc (D:10)
  A kobold (D:10)
  28 fungi
  32 plants
66 creatures vanquished.

Grand Total: 822 creatures vanquished

Notes
Turn   | Place    | Note
-------+----------+-------------------------------------------
     0 | D:1      | freelancePsychic the Naga Warper began the quest for the
                  | Orb.
     0 | D:1      | Reached XP level 1. HP: 19/19 MP: 3/3
   211 | D:1      | Reached XP level 2. HP: 25/26 MP: 5/5
   360 | D:1      | Reached skill level 1 in Air Magic
   707 | D:1      | Reached XP level 3. HP: 32/32 MP: 6/6
  1366 | D:2      | Learned a level 3 spell: Vhi's Electric Charge
  1531 | D:2      | Reached XP level 4. HP: 31/40 MP: 7/7
  1827 | D:3      | Found a faded altar of an unknown god.
  1846 | D:3      | Prayed at the altar of an unknown god.
  1846 | D:3      | Became a worshipper of Elyvilon the Healer
  1846 | D:3      | Reached * piety under Elyvilon
  2057 | D:3      | Found Quem's Antique Weapon Shop.
  2549 | D:3      | Found a stormy altar of Qazlal.
  2698 | D:4      | Noticed a black bear
  2722 | D:4      | Killed a black bear
  2723 | D:4      | Reached XP level 5. HP: 33/46 MP: 8/8
  2820 | D:4      | Learned a level 2 spell: Blink
  2899 | D:4      | Noticed an ogre
  2948 | D:4      | Killed an ogre
  2949 | D:4      | Reached skill level 3 in Fighting
  2949 | D:4      | Reached XP level 6. HP: 18/56 MP: 9/9
  3097 | D:4      | Noticed Pikel
  3132 | D:4      | Found a staircase to the Ecumenical Temple.
  3140 | Temple   | Entered the Ecumenical Temple
  3489 | Temple   | Fell from the grace of Elyvilon
  3489 | Temple   | Became a worshipper of Vehumet
  3544 | Temple   | Killed Pikel
  3545 | Temple   | Reached skill level 5 in Translocations
  3545 | Temple   | Reached XP level 7. HP: 40/63 MP: 10/10
  3788 | D:4      | Found Joamosux's Distillery.
  3836 | D:4      | Bought 2 potions of berserk rage for 120 gold pieces
  3946 | D:4      | Learned a level 3 spell: Mephitic Cloud
  4139 | D:5      | Entered Level 5 of the Dungeon
  4177 | D:5      | Found an opulent altar of Gozag.
  4222 | D:5      | Reached XP level 8. HP: 24/72 MP: 11/11
  4341 | D:5      | Noticed Menkaure
  4352 | D:5      | Killed Menkaure
  4353 | D:5      | Reached skill level 4 in Fighting
  4353 | D:5      | Reached skill level 1 in Conjurations
  4353 | D:5      | Reached skill level 5 in Air Magic
  4353 | D:5      | Reached skill level 1 in Poison Magic
  4986 | D:5      | Noticed Dowan
  5114 | D:5      | Killed Dowan
  5328 | D:5      | Noticed Duvessa
  5337 | D:5      | Killed Duvessa
  5688 | D:5      | Identified the amulet "Firon" {Spirit Dex+3}
  5856 | D:5      | Reached * piety under Vehumet
  5856 | D:5      | Offered knowledge of Shock by Vehumet.
  6440 | D:6      | Found a glowing silver altar of Zin.
  6454 | D:6      | Reached XP level 9. HP: 61/80 MP: 12/12
  6531 | D:6      | Found a hide-covered altar of Uskayaw.
  6866 | D:6      | Reached skill level 5 in Fighting
  7313 | D:7      | Noticed Joseph
  7451 | D:7      | Killed Joseph
  7452 | D:7      | Reached skill level 5 in Poison Magic
  7923 | D:7      | Found a shimmering altar of Xom.
  7932 | D:7      | Reached skill level 6 in Fighting
  8097 | D:7      | Found a sacrificial altar of Ru.
  8262 | D:7      | Found a snail-covered altar of Cheibriados.
  8698 | D:7      | Found a hazy altar of Hepliaklqana.
  8803 | D:7      | Reached XP level 10. HP: 87/90 MP: 13/13
  8909 | D:8      | Reached skill level 5 in Conjurations
  8928 | D:8      | Found a staircase to the Lair.
  8941 | D:8      | Reached ** piety under Vehumet
  8941 | D:8      | Offered knowledge of Scorch by Vehumet.
  9165 | D:8      | Found a flagged portal.
  9174 | D:8      | Offered knowledge of Momentum Strike by Vehumet.
  9180 | Bailey   | Entered a bailey
  9199 | Bailey   | Noticed an orc knight
  9199 | Bailey   | Noticed an orc knight
  9365 | Bailey   | Killed an orc knight
  9365 | Bailey   | Reached *** piety under Vehumet
  9366 | Bailey   | Reached skill level 7 in Fighting
  9414 | Bailey   | Noticed an orc knight
  9435 | Bailey   | Reached skill level 5 in Polearms
  9444 | Bailey   | Killed an orc knight
  9457 | Bailey   | Killed an orc knight
 10019 | D:8      | Offered knowledge of Flame Wave by Vehumet.
 10185 | D:8      | Reached skill level 8 in Fighting
 10316 | D:8      | Found a glowing golden altar of the Shining One.
 10899 | D:8      | Found an ornate altar of the Wu Jian Council.
 11093 | D:9      | Reached XP level 11. HP: 34/103 MP: 17/17
 11468 | D:9      | Found a staircase to the Orcish Mines.
 11594 | D:9      | Reached **** piety under Vehumet
 11623 | D:9      | Reached skill level 5 in Spellcasting
 11673 | D:9      | Found a transporter.
 12190 | D:9      | Noticed a two-headed ogre
 12198 | D:9      | HP: 1/86 [two-headed ogre/+0 giant spiked club (33)]
 12242 | D:9      | Killed a two-headed ogre
 12344 | D:9      | Offered knowledge of Airstrike by Vehumet.
 12354 | D:9      | Learned a level 4 spell: Airstrike
 12451 | D:9      | Reached skill level 9 in Fighting
 12729 | D:10     | Entered Level 10 of the Dungeon
 12729 | D:10     | Noticed a two-headed ogre
 12732 | D:10     | Killed a two-headed ogre
 13024 | D:10     | Noticed Maggie
 13029 | D:10     | Killed Maggie
 13559 | D:10     | Noticed a deep elf zephyrmancer
 13566 | D:10     | Killed a deep elf zephyrmancer
 13838 | D:10     | Found Haffit's Armour Shoppe.
 13896 | D:10     | Bought a +1 pair of gloves for 126 gold pieces
 14254 | D:11     | Identified a scroll of acquirement
 14254 | D:11     | Acquired the amulet of the Omega Point {RegenMP Rampage
                  | rF+}
 14950 | Lair:1   | Entered Level 1 of the Lair of Beasts
 15034 | Lair:1   | Reached skill level 10 in Fighting
 15372 | Lair:1   | Reached XP level 12. HP: 60/116 MP: 20/20
 15637 | Lair:1   | Reached skill level 10 in Air Magic
 16355 | Lair:2   | Reached ***** piety under Vehumet
 16582 | Lair:2   | Offered knowledge of Lightning Bolt by Vehumet.
 16621 | Lair:2   | Found a staircase to the Shoals.
 16816 | Lair:2   | Noticed a death yak
 16820 | Lair:2   | Noticed a death yak
 16823 | Lair:2   | Noticed a death yak
 16825 | Lair:2   | Noticed a death yak
 16825 | Lair:2   | Noticed a death yak
 16827 | Lair:2   | Noticed a death yak
 16844 | Lair:2   | Killed a death yak
 16852 | Lair:2   | Killed a death yak
 16853 | Lair:2   | Reached skill level 11 in Fighting
 16857 | Lair:2   | Killed a death yak
 17433 | Lair:2   | Found a hole to the Spider Nest.
 17579 | Lair:2   | Killed a death yak
 17589 | Lair:2   | Killed a death yak
 17589 | Lair:2   | Killed a death yak
 17832 | Lair:2   | Found a transporter.
 17833 | Lair:2   | Noticed Iich's ghost (journeyman MiBe)
 17837 | Lair:2   | Noticed a death yak
 17845 | Lair:2   | Found a transporter.
 18179 | Lair:3   | Reached skill level 1 in Armour
 18306 | Lair:3   | Gained mutation: You can use your snake-like lower body to
                  | constrict enemies. [Naga growth]
 18306 | Lair:3   | Reached XP level 13. HP: 127/127 MP: 21/21
 19462 | Lair:4   | Noticed Snorg
 19476 | Lair:4   | Killed Snorg
 19873 | Lair:4   | Reached skill level 12 in Fighting
 20600 | Lair:5   | Entered Level 5 of the Lair of Beasts
 21683 | Lair:5   | Noticed a dire elephant
 21701 | Lair:5   | Reached XP level 14. HP: 109/139 MP: 24/24
 21719 | Lair:5   | Killed a dire elephant
 21720 | Lair:5   | Reached skill level 5 in Armour
 21890 | Lair:5   | Reached skill level 13 in Fighting
 22742 | Lair:5   | Found a runed translucent door.
 22745 | Lair:5   | Found a viscous altar of Jiyva.
 22746 | Lair:5   | Noticed an azure jelly
 22746 | Lair:5   | Noticed an azure jelly
 22747 | Lair:5   | Found a staircase to the Slime Pits.
 23516 | Lair:5   | Noticed a dire elephant
 23534 | Lair:5   | HP: 2/141 [cane toad (15)]
 24048 | Lair:5   | Killed a dire elephant
 24101 | Lair:5   | Got Pagoal's Guide on Amorphous Feathers
 24107 | Lair:5   | Learned a level 4 spell: Summon Lightning Spire
 24419 | D:11     | Offered knowledge of Spellforged Servitor by Vehumet.
 24573 | D:11     | Reached skill level 1 in Summonings
 24651 | D:12     | Noticed Fannar
 24663 | D:12     | Killed Fannar
 25025 | D:12     | Found Qoser's Weapon Shoppe.
 25096 | D:12     | Found a shimmering blue altar of Sif Muna.
 26402 | D:13     | Noticed an ironbound preserver
 26412 | D:13     | Reached skill level 1 in Shields
 26979 | D:13     | Reached XP level 15. HP: 82/150 MP: 27/27
 27074 | D:13     | Reached skill level 5 in Summonings
 27148 | D:13     | Found a gate to the Vaults.
 28002 | D:14     | Learned a level 7 spell: Spellforged Servitor
 28043 | D:14     | Noticed Josephine
 28048 | D:14     | Killed Josephine
 28539 | D:14     | Learned a level 5 spell: Arcjolt
 28813 | D:14     | Noticed Roxanne
 28951 | D:14     | Killed Roxanne
 28955 | D:14     | Identified the +2 robe "Ussaical" {rF+ rC- rCorr Dex+2}
 29124 | D:14     | Found a huge runed translucent gate.
 29127 | D:14     | Found a huge runed translucent gate.
 29127 | D:14     | Found a huge runed translucent gate.
 29127 | D:14     | Found a huge runed translucent gate.
 29256 | D:14     | Offered knowledge of Orb of Destruction by Vehumet.
 29379 | D:14     | Learned a level 7 spell: Orb of Destruction
 29407 | D:15     | Entered Level 15 of the Dungeon
 29671 | D:15     | Found a transporter.
 29672 | D:15     | Found a transporter.
 29675 | D:15     | Noticed DrKenneth's ghost (journeyman MiFi)
 29692 | D:15     | Found a shadowy altar of Dithmenos.
 29828 | D:15     | Reached skill level 14 in Fighting
 30052 | D:15     | Found a staircase to the Depths.
 30337 | D:15     | Found a portal to a secret trove of treasure.
 30838 | Orc:1    | Entered Level 1 of the Orcish Mines
 30838 | Orc:1    | Noticed Sonja
 30841 | Orc:1    | Killed Sonja
 31163 | Orc:1    | Noticed an orc warlord
 31206 | Orc:1    | Noticed Wekumecuw's ghost (journeyman DsFi)
 31486 | Orc:1    | Found a transporter.
 31489 | Orc:1    | Found a transporter.
 31673 | Orc:1    | Killed an orc warlord
 32074 | Orc:2    | Entered Level 2 of the Orcish Mines
 32146 | Orc:2    | Found a gate leading to a gauntlet.
 32152 | Orc:2    | Offered knowledge of Iskenderun's Battlesphere by Vehumet.
 32161 | Gauntlet | Entered a Gauntlet
 32161 | Gauntlet | Found a transporter.
 32161 | Gauntlet | Found a transporter.
 32161 | Gauntlet | Found a runed translucent door.
 32430 | Gauntlet | Found a transporter.
 32434 | Gauntlet | Found a transporter.
 32446 | Gauntlet | Found a transporter.
 32447 | Gauntlet | Found a transporter.
 32454 | Gauntlet | Found a transporter.
 32471 | Gauntlet | Found a transporter.
 32485 | Gauntlet | Found a transporter.
 32489 | Gauntlet | Found a transporter.
 32497 | Gauntlet | Found a transporter.
 32501 | Gauntlet | Found a transporter.
 32505 | Gauntlet | Found a runed translucent door.
 32555 | Gauntlet | Reached XP level 16. HP: 141/157 MP: 28/28
 32559 | Gauntlet | Paralysed by a floating eye for 4 turns
 32628 | Gauntlet | Identified the +2 helmet of the Old and Reckless {Str+6
                  | Int+4}
 32702 | Gauntlet | Identified the amulet of Namol {Reflect rPois rC+ Dex+5
                  | SH+5}
 32815 | Gauntlet | Got the Encyclopedia of Putrid Conduction
 32914 | Orc:2    | Found a staircase to the Elven Halls.
 32931 | Orc:2    | Reached skill level 1 in Transmutations
 33024 | Orc:2    | Reached skill level 15 in Fighting
 33076 | Orc:2    | HP: 1/163 [orc priest/divine providence (12)]
 33077 | Orc:2    | Shot with a bolt by an orc knight

Illustrated notes

Levels and vault maps discovered:
D:1:      lightli_arrival_windingriver, layout_loops_cross,
          minmay_misc_feat_diagonals
D:2:      layout_loops_cross, minmay_split_cup_small
D:3:      layout_basic, nicolae_qazlal_eye_of_the_storm, serial_rivers,
          chequers_serial_rivers_micro_a, chequers_serial_rivers_micro_c,
          chequers_serial_rivers_large_a, chequers_serial_rivers_room_a,
          ebering_ecumenical_altar_ruins, serial_shops,
          nicolae_shop_advertising_works [nicolae_subvault_shop_adworks],
          skrybe_limestone_x
D:4:      layout_basic, temple_statues, nicolae_stop_n_shop_1, uniq_pikel
D:5:      layout_loops_corners, mainiacjoe_overflow_small_starburst,
          uniq_menkaure, uniq_duvessa
D:6:      layout_rooms, mainiacjoe_overflow_alcove_4, zin_academy
D:7:      layout_basic, cheibriados_altar_1, lemuel_round_altar,
          minmay_misc_feat_chi, hangedman_feature_mirror,
          minmay_misc_feat_doors, chequers_serial_rivers_large_b,
          minmay_fountain_box, uniq_joseph
D:8:      layout_basic, nzn_wu_jian_council_hall, nicolae_tso_besieged_by_evil,
          lair_entry_dummy, special_room [special_room_orc], enter_bailey_7,
          serial_rivers, chequers_serial_rivers_micro_b,
          chequers_serial_rivers_small_b, chequers_serial_rivers_room_a,
          chequers_serial_rivers_small_b, nicolae_fountain_basement
D:9:      layout_cave_pools, david_orc_3, chequers_serial_rivers_micro_c,
          nicolae_kite_square_tiling_tiny, nicolae_diode_basic
D:10:     layout_loops_ring, serial_shops, nicolae_shop_behind_doors,
          serial_park_tiny_1, hangedman_stone_soup, evilmike_butchery,
          uniq_maggie
D:11:     layout_roguey, dk_vineyard_2, feat_on_display
D:12:     layout_small_grid, serial_shops, nicolae_shop_bloodbath_and_beyond,
          grunt_ministairs_15, minmay_crystal_room,
          nicolae_sif_muna_condensation, uniq_fannar
D:13:     layout_stronghold, skrybe_vaults_entry_preservation
D:14:     lemuel_bear_cage, layout_loops_corners, nicolae_lava_and_water,
          kennysheep_generic_room_16, uniq_roxanne, uniq_josephine
D:15:     gammafunk_enter_depths_forms, layout_loops_corners, enter_trove_0,
          gammafunk_ghost_mausoleum, grunt_dithmenos_smoke
Temple:   nicolae_temple_bog_church
Lair:1:   layout_chaotic_city, serial_bayou_shore_a, lemuel_fruit_fields
Lair:2:   layout_concentric_octagons, elwin_shoals_entry_rocks,
          nicolae_spider_entry_non_spiders, gammafunk_ghost_arena
Lair:3:   layout_hall_layers, grunt_megastairs_5
Lair:4:   layout_small_grid, minivault_11, beast_lair_carwin_11, uniq_snorg
Lair:5:   hangedman_lair_caniforms_friends, layout_gridlike,
          hangedman_lair_in_review, slime_entry_2, enter_volcano_3,
          lemuel_fruit_fields
Orc:1:    layout_caves, basic_altar, gammafunk_ghost_arena, uniq_sonja
Orc:2:    st_orc_congregation, layout_diamond_mine, gauntlet_entry_generic

Skill      XL: |  1  2  3  4  5  6  7  8  9 10 11 12 13 14 15 16 |
---------------+-------------------------------------------------+-----
Air Magic      | 1 2 3 4 6 7 9 12 13 | 13.4
Translocations | 4 5 |  5.7
Fighting       | 3 4 6 8 10 11 12 13 14 15 | 15.0
Polearms       | 3 6 7 |  7.0
Conjurations   | 2 4 5 6 9 |  9.7
Poison Magic   | 3 6 7 |  7.5
Spellcasting   | 4 5 6 8 |  8.2
Dodging        | 2 4 |  4.8
Armour         | 1 4 6 |  6.5
Summonings     | 4 7 |  7.3
Shields        | 2 4 |  4.5
Transmutations | 2 |  2.1
Throwing       | |  0.8

Action                   |  1- 3 |  4- 6 |  7- 9 | 10-12 | 13-15 | 16-18 || total
-------------------------+-------+-------+-------+-------+-------+-------++-------
Melee: Spear             |   183 |   163 |   435 |    13 |       |       ||   794
       Punch             |       |     1 |     3 |       |       |       ||     4
       Trident           |       |       |       |   519 |   824 |    96 ||  1439
       Constrict         |       |       |       |       |   164 |    25 ||   189
Throw: Boomerang         |       |     7 |    16 |    14 |       |       ||    37
 Cast: Vhi's Electric Ch |       |     7 |    13 |     4 |     1 |       ||    25
       Blink             |       |     6 |    13 |     6 |     1 |       ||    26
       Mephitic Cloud    |       |       |    43 |    85 |    67 |     8 ||   203
       Airstrike         |       |       |       |   116 |   303 |       ||   419
       Summon Lightning  |       |       |       |       |    20 |       ||    20
       Arcjolt           |       |       |       |       |    41 |    15 ||    56
 Abil: Spit Poison       |    16 |    17 |    35 |     9 |     2 |       ||    79
Evoke: Wand              |       |       |       |     1 |       |       ||     1
  Use: Scroll            |       |    11 |     4 |    14 |    24 |     2 ||    55
       Potion            |       |     2 |     4 |     5 |     6 |       ||    17
 Stab: Confused          |       |       |    17 |    21 |    27 |     9 ||    74
       Distracted        |       |       |       |       |     1 |       ||     1
Armor: Leather armour    |    30 |    76 |   165 |       |       |       ||   271
       Steam dragon scal |       |       |    12 |   219 |   675 |    41 ||   947
       Skin              |       |       |       |     2 |       |       ||     2
Dodge: Dodged            |    72 |    68 |   208 |   261 |   398 |    30 ||  1037
Block: Buckler           |       |       |       |       |    64 |    18 ||    82

Table legend: (Time is in decaauts)
 A = Elapsed time spent in this place.
 B = Non-inter-level travel time spent in this place.
 C = Inter-level travel time spent in this place.
 D = Time resting spent in this place.
 E = Time spent auto-exploring this place.
 F = Levels seen in this place.
 G = Mean time per level.
                   A        B        C        D        E       F      G
               +--------+--------+--------+--------+--------+-----+--------+
         Total |  39815 |  37239 |   2576 |   2595 |  28444 |  25 | 1592.6 |
       Dungeon |  24514 |  22642 |   1872 |   1456 |  17521 |  15 | 1634.3 |
        Temple |    565 |    533 |     32 |      0 |    441 |   1 |  565.0 |
          Lair |  11209 |  10595 |    614 |   1139 |   8042 |   5 | 2241.8 |
  Orcish Mines |   1854 |   1798 |     56 |      0 |   1326 |   2 |  927.0 |
        Bailey |    895 |    895 |      0 |      0 |    559 |   1 |  895.0 |
      Gauntlet |    775 |    775 |      0 |      0 |    553 |   1 |  775.0 |
               +--------+--------+--------+--------+--------+-----+--------+

Top non-repeatable levels by time:
  Lair:5: 3690 daAuts
     D:5: 2534 daAuts
  Lair:1: 2385 daAuts
  Lair:4: 2345 daAuts
     D:8: 2331 daAuts
    D:14: 2152 daAuts
    D:10: 2082 daAuts
    D:13: 1954 daAuts
     D:9: 1769 daAuts
    D:15: 1629 daAuts
     D:7: 1563 daAuts
     D:6: 1535 daAuts
  Lair:2: 1527 daAuts
   Orc:1: 1479 daAuts
  Lair:3: 1259 daAuts
